 Dungeon Crawl Stone Soup version 0.26-a0-1191-ge2a0e31ab3 (webtiles) character file.

Game seed: 10115217916440847058

44 voltaire321 the Stinger (level 3, 0/26 HPs)
             Began as a Demonspawn Venom Mage on Dec 29, 2020.
             Succumbed to an adder's poison
             ... on level 2 of the Dungeon.
             The game lasted 00:04:30 (1347 turns).

voltaire321 the Stinger (Demonspawn Venom Mage)     Turns: 1347, Time: 00:04:31

Health: 0/26       AC:  2    Str:  8    XL:     3   Next: 39%
Magic:  6/6        EV: 12    Int: 17    God:
Gold:   31         SH:  0    Dex: 13    Spells: 3/6 levels left

rFire    . . .     SeeInvis .   d - +0 spear
rCold    . . .     Faith    .   (no shield)
rNeg     . . .     Spirit   .   a - +0 robe
rPois    .         Reflect  .   (no helmet)
rElec    .         Harm     .   (no cloak)
rCorr    .         Rampage  .   (no gloves)
Will     .....                  (no boots)
Stlth    ++........             (no amulet)
HPRegen  0.08/turn              (no ring)
MPRegen  0.10/turn              (no ring)

@: lethally poisoned (0 -> -15)
A: powered by death 2
a: no special abilities


You were on level 2 of the Dungeon.
You visited 1 branch of the dungeon, and saw 2 of its levels.

You collected 31 gold pieces.

Inventory:

Hand Weapons
 d - a +0 spear (weapon)
Armour
 a - a +0 robe (worn)
Scrolls
 e - a scroll of amnesia {unknown}
 h - 2 scrolls of identify {unknown}
 i - a scroll of enchant armour {unknown}
 j - a scroll of magic mapping {unknown}
Potions
 b - a potion of ambrosia {unknown}
 c - a potion of magic {unknown}
 f - a potion of heal wounds {unknown}
 g - a potion of invisibility {unknown}


   Skills:
 + Level 1.1 Fighting
 + Level 2.0 Dodging
 + Level 2.2 Stealth
 + Level 2.3 Spellcasting
 + Level 1.3 Transmutations
 + Level 0.2 Air Magic
 + Level 3.1 Poison Magic


You had 3 spell levels left.
You knew the following spells:

 Your Spells              Type           Power        Failure   Level
a - Sting                 Tmut/Pois      36%          8%          1
b - Poisonous Vapours     Pois/Air       14%          14%         2

Your spell library contained the following spells:

 Spells                   Type           Power        Failure   Level
 Ignite Poison            Fire/Tmut/Pois 7%           30%         3
 Mephitic Cloud           Conj/Pois/Air  5%           34%         3
 Olgreb's Toxic Radiance  Pois           12%          45%         4


Dungeon Overview and Level Annotations

Branches:
Dungeon (2/15)

Altars:


Innate Abilities, Weirdness & Mutations

You regenerate health from kills.


Message History

You feel sick.
A jackal comes into view.
The adder misses you.
The jackal barks!
You hit the adder but do no damage.
The adder is heavily wounded.
You feel sick.
You hear a bark!
The adder bites you. x2
* * * LOW HITPOINT WARNING * * *
You miss the adder.
The adder is heavily wounded.
* * * LOW HITPOINT WARNING * * *
You feel sick. The adder bites you.
* * * LOW HITPOINT WARNING * * *
You are more poisoned.
The adder poisons you!
You hit the adder.
You kill the adder!
You die...

#### #.<#
###h.#
##.†hh#
#.@##.#
#...###...
#...##
#h.## ...#
#..# ..
.h.. #
h###


You could see 3 jackals.

Vanquished Creatures
  2 gnolls (D:1)
  An adder (D:2)
  A leopard gecko (D:1)
  A ball python (D:1)
  2 bats (D:1)
  A giant cockroach (D:1)
  2 goblins (D:1)
  A hobgoblin (D:1)
  4 jackals (D:1)
  4 kobolds (D:1)
  A frilled lizard (D:1)
  3 rats
23 creatures vanquished.

Vanquished Creatures (others)
  7 toadstools (D:1)
7 creatures vanquished.

Grand Total: 30 creatures vanquished

Notes
Turn   | Place    | Note
-------+----------+-------------------------------------------
     0 | D:1      | voltaire321 the Demonspawn Venom Mage began the quest for
                  | the Orb.
     0 | D:1      | Reached XP level 1. HP: 13/13 MP: 3/3
   126 | D:1      | Reached skill level 1 in Transmutations
   126 | D:1      | Gained mutation: You regenerate a little health from kills.
                  | [demonic ancestry]
   126 | D:1      | Reached XP level 2. HP: 20/20 MP: 1/5
   174 | D:1      | Learned a level 2 spell: Poisonous Vapours
   462 | D:1      | Gained mutation: You regenerate health from kills. [demonic
                  | ancestry]
   462 | D:1      | Reached XP level 3. HP: 13/25 MP: 3/6
   599 | D:1      | Reached skill level 1 in Fighting
  1346 | D:2      | HP: 1/26 [adder (5)]
  1347 | D:2      | Succumbed to an adder's poison

Illustrated notes

Levels and vault maps discovered:
D:1:      nagdon_arrival_zigzag_paths, layout_basic, chequers_big_river,
          skrybe_limestone_x, minmay_tree_intersection, minivault_11
D:2:      layout_rooms, xom_butterflies

Skill      XL: |  1  2  3 |
---------------+----------+-----
Stealth        | 2 |  2.2
Transmutations | 1 |  1.3
Dodging        | 2 |  2.0
Fighting       | 1 |  1.1
Spellcasting   | |  2.3
Air Magic      | |  0.2
Poison Magic   | |  3.1

Action                   || total
-------------------------++-------
Melee: Unarmed           ||     2
       Spear             ||    43
 Cast: Sting             ||    31
 Stab: Sleeping          ||     1
Armor: Robe              ||     5
Dodge: Dodged            ||    37

Table legend: (Time is in decaauts)
 A = Elapsed time spent in this place.
 B = Non-inter-level travel time spent in this place.
 C = Inter-level travel time spent in this place.
 D = Time resting spent in this place.
 E = Time spent auto-exploring this place.
 F = Levels seen in this place.
 G = Mean time per level.
                   A        B        C        D        E       F      G
               +--------+--------+--------+--------+--------+-----+--------+
         Total |   1355 |   1355 |      0 |    432 |    619 |   2 |  677.5 |
       Dungeon |   1355 |   1355 |      0 |    432 |    619 |   2 |  677.5 |
               +--------+--------+--------+--------+--------+-----+--------+

Top non-repeatable levels by time:
     D:1: 1337 daAuts
     D:2: 18 daAuts
